 Dungeon Crawl Stone Soup version 0.27.0-66-gdc8fb28755 (webtiles) character file.

Game seed: 10095721795810358199

34993 Amplified the Thaumaturge (level 13, -5/114 HPs)
             Began as a Demigod Ice Elementalist on Aug 19, 2021.
             Slain by a freezing wraith (8 damage)
             ... in an ice cave on Aug 20, 2021.
             The game lasted 00:29:53 (17453 turns).

Amplified the Thaumaturge (DgIE)                   Turns: 17453, Time: 00:29:54

Health: -5/114     AC: 16    Str: 17    XL:     13   Next: 15%
Magic:  29/32      EV: 12    Int: 31    God:
Gold:   1613       SH:  5    Dex: 14    Spells: 10/34 levels left

rFire    . . .     SeeInvis +   p - +2 dagger (elec)
rCold    + + .     Faith    .   (no shield)
rNeg     . . .     Spirit   .   t - +2 leather armour {rC+}
rPois    .         Reflect  +   Q - +1 hat {SInv}
rElec    .         Harm     .   G - +2 cloak
rCorr    .         Rampage  .   (no gloves)
Will     +....                  (no boots)
Stlth    ++........             h - amulet of reflection
HPRegen  0.29/turn              w - ring of protection from cold
MPRegen  0.23/turn              u - +6 ring of intelligence

@: mighty, ice-armoured, hasted and slowed
A: high mp 1, forlorn
a: no special abilities


You were in an ice cave.
You visited 2 branches of the dungeon, and saw 15 of its levels.
You also visited: Bailey and Ice Cave.

You collected 1613 gold pieces.

Inventory:

Hand Weapons
 p - a +2 dagger of electrocution (weapon)
 z - a +2 dagger of venom
 D - a +1 scimitar of flaming
Armour
 j - a +1 helmet
 n - a +3 leather armour of poison resistance
 t - a +2 leather armour of cold resistance (worn)
 v - a +0 kite shield
 A - +0 swamp dragon scales
 E - the +3 leather armour of Defiance {rElec rPois Will+}
   (You found it on level 8 of the Dungeon)

   rElec:     It insulates you from electricity.
   rPois:     It protects you from poison.
   Will:      It increases your willpower.
 G - a +2 cloak (worn)
 Q - a +1 hat of see invisible (worn)
Jewellery
 a - an amulet of magic regeneration
 h - an amulet of reflection (around neck)
 i - a +4 ring of protection
 o - a ring of resist corrosion
 u - a +6 ring of intelligence (right hand)
 w - a ring of protection from cold (left hand)
 y - a ring of fire
 L - the amulet "Xoinkats" {Faith +Blink rF+}
   (You took it off a wizard on level 11 of the Dungeon)

   [amulet of faith]

   It allows you to gain divine favour quickly.
   rF:        It protects you from fire.
   +Blink:    It lets you blink.
 P - a ring of fire
Wands
 k - a wand of polymorph (7)
 l - a wand of iceblast (14)
 x - a wand of flame (59)
 O - a wand of digging (4)
Scrolls
 b - 5 scrolls of fear
 c - 4 scrolls of amnesia
 e - 4 scrolls of noise
 f - 3 scrolls of vulnerability
 g - a scroll of magic mapping
 r - 4 scrolls of teleportation
 K - 6 scrolls of identify
Potions
 d - a potion of cancellation
 m - 2 potions of brilliance
 q - 5 potions of might
 s - 2 potions of mutation
 B - 5 potions of haste
 C - a potion of ambrosia
 I - a potion of flight
Miscellaneous
 H - a tin of tremorstones (inert)


   Skills:
 * Level 10.5 Fighting
 - Level 2.1 Dodging
 - Level 1.7 Stealth
 * Level 11.0 Spellcasting
 - Level 9.1 Conjurations
 * Level 4.0 Necromancy
 - Level 7.3 Ice Magic
 - Level 9.1 Air Magic


You had 10 spell levels left.
You knew the following spells:

 Your Spells              Type           Power      Damage    Failure   Level
a - Freeze                Ice            100%       1d11      1%          1
b - Frozen Ramparts       Ice            100%       1d12      1%          3
c - Ozocubu's Armour      Ice            58%        N/A       1%          3
d - Passwall              Tmut/Erth      14%        N/A       5%          2
e - Freezing Cloud        Conj/Ice/Air   31%        6-21      3%          5
f - Silence               Hex/Air        22%        N/A       16%         5
g - Agony                 Necr           42%        N/A       19%         5

Your spell library contained the following spells:

 Spells                   Type           Power      Damage    Failure   Level
 Animate Skeleton         Necr           84%        N/A       1%          1
 Pain                     Necr           100%       1d9       1%          1
 Corpse Rot               Necr/Air       N/A        N/A       1%          2
 Poisonous Vapours        Pois/Air       90%        N/A       1%          2
 Dazzling Flash           Conj/Hex       90%        N/A       1%          3
 Vampiric Draining        Necr           21%        2d9       1%          3
 Hailstorm                Conj/Ice       62%        3d13      1%          4
 Sandblast                Erth           34%        2d9       3%          1
 Call Canine Familiar     Summ           17%        N/A       11%         3
 Gell's Gravitas          Tloc           8%         N/A       11%         3
 Lesser Beckoning         Tloc           8%         N/A       11%         3
 Portal Projectile        Hex/Tloc       34%        N/A       11%         3
 Teleport Other           Tloc           17%        N/A       11%         3
 Leda's Liquefaction      Hex/Erth       8%         N/A       34%         4
 Lee's Rapid Deconstruct  Erth           8%         3d8*      69%         5


Dungeon Overview and Level Annotations

Branches:
Dungeon (13/15)            Temple (0/1) D:5            Lair (2/6) D:11
    Orc (0/2) D:12         Bailey (visited)           IceCv (1/1)
  Swamp: Lair:2-4    Shoals: Lair:2-4     Snake: Lair:2-4    Spider: Lair:2-4
 Vaults: D:13-14


Innate Abilities, Weirdness & Mutations

Your attributes grow dramatically as you level up.
You have an increased reservoir of magic. (+10% MP)
You shall have no god before yourself.


Message History

You feel as though you will be slow longer.
Unknown command.
Unknown command.
You hit the freezing wraith.
The freezing wraith is heavily damaged.
The freezing wraith completely resists.
The wall freezes the freezing wraith but does no damage.
The freezing wraith hits you but does no damage. x2
Unknown command.
Unknown command.
Unknown command.
You hit the freezing wraith.
The freezing wraith is severely damaged.
The frozen ramparts melt away.
The freezing wraith hits you.
* * * LOW HITPOINT WARNING * * *
The freezing wraith freezes you. You resist.
* * * LOW HITPOINT WARNING * * *
The freezing wraith barely misses you.
Unknown command.
Unknown command.
Okay, then.
Your icy armour will break if you move.
Continue?
Okay, then.
Unknown command.
Unknown command.
Unknown command.
Unknown command.
Unknown command.
Unknown command.
You hit the freezing wraith but do no damage.
The freezing wraith is severely damaged.
The freezing wraith hits you but does no damage.
You block the freezing wraith's attack.
Unknown command.
Unknown command.
Unknown command.
You hit the freezing wraith.
The freezing wraith is severely damaged.
The freezing wraith hits you!
You die...

#####
#####
##...##
#####....#
#..∩..##
###.W...#
.5Z....#
#...#@.##
...Z...#
##..####
#.....##
###.
##...## .W
#5..# ...
.Z.## ....
#.Z.#
...Z.
##...
.....8
##..


You could see a freezing wraith.

Vanquished Creatures
  Gastronok (Lair:1)
  3 hydras
  Erica (D:9)
  A boulder beetle (D:11)
  4 centaur warriors
  A tengu warrior (D:10)
  A two-headed ogre (D:8)
  2 deep elf archers (D:12)
  2 deep elf pyromancers (D:12)
  A deep elf zephyrmancer (D:12)
  A wizard (D:11)
  An ugly thing (D:8)
  2 cyclopes (D:11)
  3 manticores
  Maurice (D:9)
  Joseph (Lair:1)
  A guardian serpent (D:12)
  3 elephants (Lair:2)
  3 komodo dragons
  A tengu conjurer (D:11)
  An ice devil (IceCv)
  2 hornets
  4 trolls
  4 slime creatures
  Sigmund (D:3)
  2 wraiths
  A shadow (D:9)
  24 yaks
  2 wyverns
  A basilisk (Lair:1)
  Grum (D:10)
  A fire bat (D:7)
  A steam dragon (D:8)
  7 vampire mosquitoes
  Menkaure (D:7)
  A death yak simulacrum (IceCv)
  An acid dragon (D:8)
  A water moccasin (Lair:2)
  Duvessa (D:5)
  3 black bears
  3 ice beasts
  A hornet zombie (D:8)
  9 orc warriors
  2 necrophages
  2 ogres (D:5)
  3 wolves (D:10)
  5 centaurs
  A phantom (D:7)
  2 kobold brigands
  9 bullfrogs
  14 scorpions
  Dowan (D:5)
  A wyvern zombie (D:7)
  A water moccasin zombie (D:3)
  A cane toad simulacrum (Lair:2)
  5 killer bees
  2 electric eels (D:9)
  2 howler monkeys
  3 centaur zombies
  5 hounds
  2 jellies
  8 orc priests
  Crazy Yiuf (D:7)
  An iron imp (D:11)
  2 centaur skeletons
  An iguana (D:5)
  2 bullfrog skeletons (D:5)
  Natasha (D:3)
  8 orc wizards
  A polar bear simulacrum (IceCv)
  2 wolf simulacra
  A killer bee zombie (D:6)
  3 howler monkey zombies
  13 gnolls (Bailey)
  5 adders
  2 shadow imps
  A white imp (D:7)
  An ufetubus (D:5)
  An adder skeleton (D:4)
  A dart slug (D:5)
  25 orcs
  A bat skeleton (D:2)
  10 endoplasms
  6 giant cockroaches
  9 goblins
  19 hobgoblins
  6 quokkas
  A ball python (D:4)
  A bat (D:2)
  4 frilled lizards
  13 kobolds
  2 rats
  A butterfly (D:5)
321 creatures vanquished.

Vanquished Creatures (collateral kills)
  An orc (D:4)
  A quokka (D:3)
2 creatures vanquished.

Vanquished Creatures (others)
  A freezing wraith (D:8)
  A wyvern (D:8)
  A human (D:4)
  An orc priest (D:4)
  An orc wizard (D:7)
  7 fungi
  22 plants
34 creatures vanquished.

Grand Total: 357 creatures vanquished

Notes
Turn   | Place    | Note
-------+----------+-------------------------------------------
     0 | D:1      | Amplified the Demigod Ice Elementalist began the quest for
                  | the Orb.
     0 | D:1      | Reached XP level 1. HP: 14/14 MP: 5/5
   240 | D:1      | Reached skill level 2 in Spellcasting
   424 | D:1      | Reached XP level 2. HP: 22/22 MP: 4/7
   734 | D:2      | Reached skill level 1 in Fighting
   967 | D:2      | Reached XP level 3. HP: 28/28 MP: 9/9
   972 | D:2      | Learned a level 3 spell: Frozen Ramparts
  1473 | D:3      | Noticed Sigmund
  1874 | D:4      | Noticed a human
  1877 | D:4      | Killed a human
  1894 | D:4      | Reached XP level 4. HP: 24/36 MP: 6/10
  2656 | D:3      | Killed Sigmund
  2657 | D:3      | Reached skill level 3 in Spellcasting
  2657 | D:3      | Reached XP level 5. HP: 44/44 MP: 13/13
  2662 | D:3      | Learned a level 3 spell: Ozocubu's Armour
  2697 | D:3      | Reached XP level 6. HP: 40/51 MP: 10/14
  2788 | D:3      | Noticed Natasha
  2795 | D:3      | Killed Natasha
  3174 | D:4      | Reached skill level 5 in Ice Magic
  3522 | D:5      | Entered Level 5 of the Dungeon
  3659 | D:5      | Found a runed translucent door.
  3670 | D:5      | Found a runed translucent door.
  3754 | D:5      | Reached skill level 4 in Spellcasting
  3754 | D:5      | Reached XP level 7. HP: 24/56 MP: 11/16
  3841 | D:5      | Noticed Dowan
  3841 | D:5      | Noticed Duvessa
  3863 | D:5      | Killed Duvessa
  3864 | D:5      | Killed Dowan
  4200 | D:5      | Noticed a yak
  4201 | D:5      | Noticed a yak
  4211 | D:5      | Noticed a yak
  4217 | D:5      | Killed a yak
  4218 | D:5      | Killed a yak
  4219 | D:5      | Reached skill level 5 in Fighting
  4219 | D:5      | Reached skill level 5 in Spellcasting
  4219 | D:5      | Reached XP level 8. HP: 36/68 MP: 12/19
  4440 | D:5      | Found a staircase to the Ecumenical Temple.
  5357 | D:6      | Reached skill level 6 in Spellcasting
  5578 | D:6      | Learned a level 2 spell: Passwall
  5584 | D:6      | Learned a level 5 spell: Freezing Cloud
  5899 | D:6      | Reached XP level 9. HP: 66/77 MP: 14/22
  6361 | D:7      | Reached skill level 1 in Conjurations
  6361 | D:7      | Reached skill level 1 in Air Magic
  6404 | D:7      | Noticed Maggie
  6410 | D:7      | Noticed Maggie
  6410 | D:7      | Maggie changed into Maggie the fire bat
  6412 | D:7      | Killed Maggie the fire bat
  6448 | D:7      | Found a runed translucent door.
  6449 | D:7      | Noticed Crazy Yiuf
  6461 | D:7      | Killed Crazy Yiuf
  6542 | D:7      | Found a flagged portal.
  6572 | Bailey   | Entered a bailey
  6775 | Bailey   | Reached skill level 8 in Spellcasting
  6775 | Bailey   | Reached XP level 10. HP: 30/84 MP: 18/26
  7192 | D:7      | Noticed Menkaure
  7197 | D:7      | Killed Menkaure
  7586 | D:7      | Noticed a balrug
  8279 | D:8      | Noticed a two-headed ogre
  8295 | D:8      | Killed a two-headed ogre
  9275 | D:8      | You fall into a shaft and drop 2 floors!
  9275 | D:10     | Entered Level 10 of the Dungeon
  9291 | D:10     | Paralysed by a hornet for 2 turns
  9503 | D:9      | Noticed Maurice
  9920 | D:10     | Noticed Grum
  9931 | D:10     | Killed Grum
 10450 | D:10     | Noticed a tengu warrior
 10470 | D:9      | Noticed Erica
 10494 | D:9      | Reached XP level 11. HP: 53/92 MP: 21/28
 10839 | D:9      | Killed Erica
 10840 | D:9      | Reached skill level 9 in Spellcasting
 10996 | D:9      | Killed Maurice
 11909 | D:8      | Noticed a centaur warrior
 11917 | D:8      | Killed a centaur warrior
 11926 | D:8      | Identified the +3 leather armour of Defiance {rElec rPois
                  | Will+}
 12564 | D:10     | Killed a tengu warrior
 12574 | D:10     | Learned a level 5 spell: Silence
 12580 | D:10     | Learned a level 5 spell: Agony
 13105 | D:11     | Found a staircase to the Lair.
 13469 | D:11     | Noticed a boulder beetle
 13470 | D:11     | Noticed a centaur warrior
 13482 | D:11     | Reached XP level 12. HP: 73/103 MP: 15/30
 13482 | D:11     | Identified the amulet "Xoinkats" {Faith +Blink rF+}
 13484 | D:11     | Killed a centaur warrior
 13487 | D:11     | Noticed a centaur warrior
 13489 | D:11     | Killed a boulder beetle
 13490 | D:11     | Reached skill level 10 in Spellcasting
 13501 | D:11     | Noticed a centaur warrior
 13512 | D:11     | Killed a centaur warrior
 13513 | D:11     | Killed a centaur warrior
 13908 | D:11     | Upgraded the game from 0.27.0-65-ge2af304b15 to
                  | 0.27.0-66-gdc8fb28755
 14195 | D:11     | Noticed a seven-headed hydra
 14203 | D:11     | Killed a seven-headed hydra
 15337 | D:12     | Found a staircase to the Orcish Mines.
 15591 | D:12     | Reached skill level 1 in Necromancy
 15898 | D:12     | Identified the +1 trident of Tuonkiut {pain, rC+ rN+ Str-2
                  | Stlth+}
 16160 | Lair:1   | Entered Level 1 of the Lair of Beasts
 16168 | Lair:1   | Noticed Joseph
 16183 | Lair:1   | Reached skill level 10 in Fighting
 16183 | Lair:1   | Killed Joseph
 16457 | Lair:1   | Noticed Gastronok
 16465 | Lair:1   | Noticed a four-headed hydra
 16469 | Lair:1   | Killed Gastronok
 16474 | Lair:1   | Killed a four-headed hydra
 16475 | Lair:1   | Reached XP level 13. HP: 85/113 MP: 22/32
 16801 | Lair:1   | Identified a scroll of acquirement
 16801 | Lair:1   | Acquired 697 gold pieces
 17173 | Lair:2   | Found a frozen archway.
 17202 | Lair:2   | Reached skill level 11 in Spellcasting
 17251 | IceCv    | Entered an ice cave
 17451 | IceCv    | HP: 2/114 [freezing wraith (6)]
 17453 | IceCv    | Slain by a freezing wraith

Illustrated notes

Levels and vault maps discovered:
D:1:      amcnicky_arrival_double_pillar, layout_loops_cross
D:2:      layout_rooms, serial_undead, serial_undead_f, serial_undead_e,
          serial_undead_e, serial_undead_a
D:3:      layout_rooms, mainiacjoe_overflow_chevrons,
          ebering_ecumenical_altar_rust, uniq_natasha, uniq_sigmund
D:4:      layout_rooms, tgw_kikubaaqudgha, ashenzari_altar_1
D:5:      lemuel_insect_pit, layout_basic, trog_ov_bears_minmay,
          nicolae_overflow_hidden_temple, minmay_temple_entry_enclosed_plants,
          grunt_ministairs_1, uniq_duvessa
D:6:      layout_basic
D:7:      layout_loops_ring, makhleb_altar_promises_db, enter_bailey_3,
          uniq_crazy_yiuf_cottage, uniq_menkaure, uniq_maggie
D:8:      nzn_winding_woodlands_three_and_one
          [nzn_winding_woodlands_5x15_garden,
          nzn_winding_woodlands_5x15_default,
          nzn_winding_woodlands_5x15_sawtooth,
          nzn_winding_woodlands_center_lodge], layout_basic
D:9:      layout_rooms, grunt_temple_overflow_diamond, chequers_jeans,
          serial_bayou_lake_a, uniq_erica, uniq_maurice
D:10:     layout_stronghold, uniq_grum
D:11:     minmay_the_grid_triangle_9x9_recursive_2
          [minmay_the_grid_triangle_9x9_prize_schism,
          minmay_the_grid_triangle_9x9_sprig,
          minmay_the_grid_triangle_9x9_semitri,
          minmay_the_grid_triangle_9x9_descending_squares], layout_loops_cross,
          grunt_lair_entry_orc_guard_hut, slow_altar_2
D:12:     layout_loops_ring, david_orc_1_choice, nrook_loot_triangle,
          minivault_10, nrook_guardian_serpent_ordinary
D:13:     minmay_concentric_multi, layout_irregular_city,
          grunt_vaults_entry_tiered, kennysheep_generic_room_8
Lair:1:   layout_hall_layers, infiniplex_staircase_pool, grunt_megastairs_2,
          uniq_gastronok, uniq_joseph
Lair:2:   layout_hall_layers, portal_ice_cave_entry_ice_simulacra
IceCv:    ice_cave_small_necro

Skill      XL: |  1  2  3  4  5  6  7  8  9 10 11 12 13 |
---------------+----------------------------------------+-----
Dodging        | 2 |  2.1
Spellcasting   | 2 3 4 5 6 8 9 10 11 | 11.0
Fighting       | 1 2 3 5 6 7 8 10 | 10.5
Ice Magic      | 4 5 6 7 |  7.3
Conjurations   | 6 8 9 |  9.1
Air Magic      | 6 8 9 |  9.1
Necromancy     | 3 4 |  4.0
Stealth        | |  1.7

Action                   |  1- 3 |  4- 6 |  7- 9 | 10-12 | 13-15 || total
-------------------------+-------+-------+-------+-------+-------++-------
Melee: Unarmed           |     3 |       |       |       |       ||     3
       Long sword        |    44 |       |       |       |       ||    44
       Short sword       |     7 |       |       |       |       ||     7
       Dagger            |    43 |   100 |   143 |   373 |    58 ||   717
Throw: Throwing net      |       |       |     1 |       |       ||     1
 Cast: Freeze            |    20 |       |       |       |       ||    20
       Frozen Ramparts   |     1 |    10 |    35 |    63 |     3 ||   112
       Ozocubu's Armour  |       |       |    18 |    33 |     2 ||    53
       Freezing Cloud    |       |       |       |    36 |     6 ||    42
Evoke: Wand              |       |     9 |     6 |    12 |     4 ||    31
       Tin of tremorston |       |       |       |       |     2 ||     2
  Use: Scroll            |     9 |     3 |     8 |     9 |     4 ||    33
       Potion            |     1 |       |     9 |     9 |     5 ||    24
 Stab: Sleeping          |     1 |     2 |     1 |       |       ||     4
       Paralysed         |       |     8 |       |       |       ||     8
       Invisible         |       |       |       |     3 |       ||     3
Armor: Ring mail         |    40 |    20 |     2 |       |       ||    62
       Leather armour    |       |       |    60 |   111 |    44 ||   215
       Swamp dragon scal |       |       |     5 |    60 |       ||    65
       Skin              |       |       |     2 |       |       ||     2
Dodge: Dodged            |    58 |    34 |   116 |   248 |    29 ||   485
Block: Other             |    26 |    18 |    41 |   113 |    15 ||   213
       Reflection        |       |       |     3 |     1 |       ||     4
       Rpst.: Long sword |    12 |       |       |       |       ||    12
